 Dungeon Crawl Stone Soup version 0.29.1-1-gd02db6906a (webtiles) character file.

Game seed: 12150246476477581820

13616 sleeves the Unseen (level 11, -5/64 HPs)
             Began as a Vampire Conjurer on Sept 24, 2022.
             Was a High Priest of Kikubaaqudgha.
             Slain by a komodo dragon (27 damage)
             ... on level 2 of the Lair of Beasts.
             The game lasted 00:33:46 (12943 turns).

sleeves the Unseen (Vampire Conjurer)              Turns: 12943, Time: 00:33:47

Health: -5/64      AC: 13    Str: 14 (15) XL:     11   Next: 77%
Magic:  9/14       EV: 17    Int: 29 (30) God:    Kikubaaqudgha [*****.]
Gold:   792        SH:  0    Dex: 20      Spells: 2/14 levels left

rFire   . . .      SeeInvis +   k - +11 dagger of the Evil Eye {drain, rC- Str+5}
rCold   + . .      Faith    +   (no shield)
rNeg    + + +      Spirit   .   T - +4 robe of Augmentation {Str+4 Int+4 Dex+4}
rPois   ∞          Reflect  .   (no helmet)
rElec   .          Harm     .   u - +1 cloak of Sofofan {*Corrode Will+ Dex+4 Stlth+}
rCorr   .          Rampage  .   r - +3 pair of gauntlets of War {Slay+5}
Will    ++...                   (no boots)
Stlth   ++++++++++              B - amulet of faith
HPRegen 0.00/turn               E - +4 ring of evasion
MPRegen 0.14/turn               (no ring)

@: marked, bloodless, inhibited regen, slowed, studying Armour, very slow
A: bloodless, fangs 3, see invisible, vampiric 2
a: Bat Form, Revivify, Renounce Religion, Unearth Wretches, Torment


You were on level 2 of the Lair of Beasts.
You worshipped Kikubaaqudgha.
Kikubaaqudgha was extremely pleased with you.
You visited 3 branches of the dungeon, and saw 14 of its levels.
You also visited: Sewer and Ossuary.

You collected 792 gold pieces.

Inventory:

Hand Weapons
 h - a +1 dagger of venom
   (You took it off an orc wizard on level 6 of the Dungeon)
 k - the +11 dagger of the Evil Eye (weapon) {drain, rC- Str+5}
   (You took it off a kobold on level 2 of the Dungeon)

   A truly terrible weapon, it drains the life of any living foe it strikes.
   Str:       It affects your strength (+5).
   rC:        It makes you vulnerable to cold.
 D - a +1 scimitar of flaming
   (You took it off Erica on level 8 of the Dungeon)
Missiles
 A - 2 throwing nets
Armour
 d - a +0 troll leather armour
   (You found it on level 6 of the Dungeon)
 q - the +2 pair of gloves of the Shining Light {Drain rC+ Dex+2}
   (You found it on level 3 of the Dungeon)

   Dex:       It affects your dexterity (+2).
   rC:        It protects you from cold.
   Drain:     It drains your maximum health when unequipped.
 r - the +3 pair of gauntlets of War (worn) {Slay+5}
   (You found it on level 6 of the Dungeon)

   Slay:      It affects your accuracy & damage with ranged weapons and melee
   (+5).
 u - the +1 cloak of Sofofan (worn) {*Corrode Will+ Dex+4 Stlth+}
   (You found it on level 4 of the Dungeon)

   Dex:       It affects your dexterity (+4).
   *Corrode:  It may corrode you when you take damage.
   Will:      It increases your willpower.
   Stlth:     It makes you more stealthy.
 F - +0 acid dragon scales
   (You found it on level 6 of the Dungeon)
 T - the +4 robe of Augmentation (worn) {Str+4 Int+4 Dex+4}
   (You found it on level 1 of the Lair of Beasts)

   Str:       It affects your strength (+4).
   Int:       It affects your intelligence (+4).
   Dex:       It affects your dexterity (+4).
 V - a +0 pair of boots
   (You found it on level 1 of the Lair of Beasts)
Jewellery
 g - a ring of flight
   (You found it on level 1 of the Dungeon)
 y - a ring of fire
   (You found it in a sewer)
 B - an amulet of faith (around neck)
   (You found it on level 6 of the Dungeon)
 E - a +4 ring of evasion (left hand)
   (You found it on level 6 of the Dungeon)
 I - a ring of resist corrosion
   (You found it on level 7 of the Dungeon)
Wands
 t - a wand of digging (10)
   (You took it off Edmund on level 4 of the Dungeon)
 v - a wand of charming (4)
   (You found it on level 4 of the Dungeon)
 w - a wand of polymorph (18)
   (You found it on level 4 of the Dungeon)
 O - a wand of flame (7)
   (You found it on level 9 of the Dungeon)
 R - a wand of roots (8)
   (You found it on level 10 of the Dungeon)
Scrolls
 a - 3 scrolls of enchant weapon
 c - a scroll of amnesia {unknown}
 e - 3 scrolls of fear {unknown}
 j - 2 scrolls of enchant armour {unknown}
 l - 3 scrolls of magic mapping {unknown}
 m - 6 scrolls of teleportation {unknown}
 p - a scroll of acquirement {unknown}
 s - a scroll of blinking
 J - 4 scrolls of fog {unknown}
 L - a scroll of immolation {unknown}
 M - 3 scrolls of vulnerability {unknown}
 P - 2 scrolls of poison {unknown}
 Q - 2 scrolls of identify
Potions
 b - 3 potions of magic
 f - 4 potions of lignification
 i - 7 potions of heal wounds
 n - 2 potions of berserk rage {unknown}
 o - a potion of cancellation
 x - 2 potions of mutation {unknown}
 z - 5 potions of brilliance {unknown}
 G - 5 potions of curing {unknown}
 H - 2 potions of degeneration {unknown}
 K - a potion of might {unknown}
 N - a potion of resistance {unknown}
 S - a potion of haste {unknown}
 U - a potion of ambrosia {unknown}
Miscellaneous
 C - a phantom mirror
   (You found it on level 6 of the Dungeon)


   Skills:
 + Level 5.2 Fighting
 - Level 7.1 Short Blades
 - Level 8.0 Armour
 + Level 2.9 Dodging
 + Level 16.8 Stealth
 + Level 2.4 Spellcasting
 - Level 3.4 Conjurations
 + Level 9.6 Hexes
 + Level 7.9 Necromancy


You had 2 spell levels left.
You knew the following spells:

 Your Spells              Type           Power      Damage    Failure   Level
a - Magic Dart            Conj           92%        1d7       1%          1
b - Dazzling Flash        Conj/Hex       82%        N/A       1%          3
c - Vampiric Draining     Necr           49%        2d9       1%          3
d - Agony                 Necr           49%        N/A       9%          5

Your spell library contained the following spells:

 Spells                   Type           Power      Damage    Failure   Level
 Necrotise                Necr           100%       1d9       1%          1
 Searing Ray              Conj           46%        2d6       3%          2
 Summon Small Mammal      Summ           12%        N/A       9%          1
 Anguish                  Hex/Necr       26%        N/A       2%          4
 Summon Guardian Golem    Hex/Summ       31%        N/A       3%          3
 Animate Dead             Necr           49%        N/A       3%          4
 Fulminant Prism          Conj/Hex       20%        3d13      5%          4
 Call Canine Familiar     Summ           3%         N/A       24%         3
 Gell's Gravitas          Tloc           3%         N/A       24%         3
 Teleport Other           Tloc           3%         N/A       24%         3
 Corpse Rot               Necr/Pois/Air  18%        N/A       26%         4
 Summon Mana Viper        Hex/Summ       31%        N/A       30%         5
 Hailstorm                Conj/Ice       13%        3d5       36%         4
 Iskenderun's Mystic Bla  Conj/Tloc      13%        2d5       36%         4
 Borgnjor's Vile Clutch   Necr/Erth      13%        N/A       41%         5
 Death Channel            Necr           24%        N/A       43%         6
 Ice Form                 Ice/Tmut       3%         N/A       63%         4
 Summon Forest            Summ/Tloc      1%         N/A       92%         5
 Simulacrum               Ice/Necr       13%        N/A       94%         6
 Dispersal                Tloc           1%         N/A       100%        6
 Summon Cactus Giant      Summ           1%         N/A       100%        6


Dungeon Overview and Level Annotations

Branches:
Dungeon (11/15)            Temple (1/1) D:4            Lair (2/5) D:8
    Orc (0/2) D:10          Sewer (visited)         Ossuary (visited)
  Swamp: Lair:2-3    Shoals: Lair:2-3     Snake: Lair:2-3    Spider: Lair:2-3

Altars:
Ashenzari
Cheibriados
Dithmenos
Fedhas
Gozag
Hepliaklqana
Kikubaaqudgha
Makhleb
Nemelex Xobeh
Okawaru
Qazlal
Ru
Sif Muna
Trog
Uskayaw
Vehumet
Wu Jian
Xom
Yredelemnul

Shops:
D:4 [?   D:7 [(=   D:8 ?   D:10 *

Annotations:
D:6 2 runed translucent doors
D:8 exclusion: electric eel


Innate Abilities, Weirdness & Mutations

You do not regenerate when monsters are visible.
You are frail without blood (-20% HP).
You can heal yourself when you bite living creatures.
You are immune to poison.
You have razor-sharp teeth.
You have supernaturally acute eyesight. (SInv)
You are afflicted with vampirism and can become a bat while bloodless.


Message History

The volley of spikes hits you!
The barbed spikes become lodged in your body.
The manticore flicks its tail.
The volley of spikes hits you but does no damage.
The manticore flicks its tail.
The volley of spikes hits you!
The barbed spikes become lodged in your body.
* * * LOW HITPOINT WARNING * * *
Blink to where?
Press: ? - help, Dir - move target
As you read the scroll of blinking, it crumbles to dust.
The barbs in your skin will harm you if you move.
Continue?
The barbed spikes dig painfully into your body as you move.
* * * LOW HITPOINT WARNING * * *
You climb upwards.
There is a stone staircase leading down here.
You start resting.
You carefully extract the barbed spikes from your body.
You start resting.
HP restored.
You climb downwards.
A centaur comes into view.
There is a stone staircase leading up, spattered with blood here.
The centaur shouts!
You hear a bellow!
The centaur wields a +0 shortbow.
The centaur shoots an arrow.
The arrow barely misses you.
The centaur shoots an arrow.
The arrow completely misses you.
The centaur shoots an arrow.
The arrow hits you but does no damage.
The centaur shoots an arrow.
The arrow hits you but does no damage.
The centaur shoots an arrow.
The arrow hits you!
The centaur shoots an arrow.
The arrow closely misses you.
The centaur unwields a +0 shortbow.
The centaur hits you but does no damage.
The centaur barely misses you.
You puncture the centaur!
The centaur is heavily wounded.
The centaur completely misses you.
The centaur kicks you but does no damage.
You barely miss the centaur.
The centaur is heavily wounded.
The centaur hits you but does no damage.
The centaur closely misses you.
You puncture the centaur!
You kill the centaur!
Kikubaaqudgha accepts your kill.
Your Necromancy skill increases to level 7!
No target in view!
No target in view!
(D) Dungeon (T) Temple (L) Lair (O) Orcish Mines
Where to? (Enter - D:10 @ (x,y), ? - help)
What level of the Lair of Beasts? (default 1, ? - help)
There is a stone staircase leading up, spattered with blood here.
You climb upwards.
There is a stone staircase leading down here.
As you open the door, it creaks loudly!
(D) Dungeon (T) Temple (L) Lair (O) Orcish Mines
Where to? (Enter - Lair:1, ? - help)
There is an open door here.
There is a stone staircase leading up here.
You climb upwards.
There is a stone staircase leading down here.
HP restored.
There is a stone staircase leading up here.
You climb upwards.
Level annotation: exclusion: electric eel
There is a stone staircase leading down here.
There is an open door here.
There is a staircase to the Lair here.
You climb downwards.
Welcome to the Lair of Beasts!
Found 5 gold pieces, a scroll of blinking and a fuming sapphire potion.
There is a staircase back to the Dungeon here.
You now have 658 gold pieces (gained 5).
Found a stone staircase leading down.
S - a fuming sapphire potion
s - 3 scrolls of blinking (gained 1)
P - 2 scrolls labelled FOBETWIA UNIEM (gained 1)
Found a sling.
You now have 671 gold pieces (gained 13).
You see here the +4 robe of Augmentation {Str+4 Int+4 Dex+4}.
z - 4 dark potions (gained 1)
A rime drake comes into view.
A bullfrog comes into view.
There are monsters nearby!
There are monsters nearby!
You see here the +4 robe of Augmentation {Str+4 Int+4 Dex+4}.
T - the +4 robe of Augmentation {Str+4 Int+4 Dex+4} You hit the bullfrog.
Your bite misses the bullfrog.
The bullfrog is moderately wounded.
The bullfrog misses you. The bullfrog barely misses you.
You impale the bullfrog!!
You kill the bullfrog!
Kikubaaqudgha accepts your kill.
No target in view!
You start removing your armour.
You continue taking off your +0 acid dragon scales. x4
You finish taking off your +0 acid dragon scales.
You start putting on your armour.
You continue putting on the +4 robe of Augmentation {Str+4 Int+4 Dex+4}. x5
You finish putting on the +4 robe of Augmentation {Str+4 Int+4 Dex+4}.
You feel stronger.
You feel clever.
You feel agile.
Okay, then.
Adjust (i)tems, (s)pells, or (a)bilities?
Okay, then.
Unknown command.
You see here a bullfrog corpse.
a - 3 scrolls of enchant weapon (gained 1)
A rime drake is nearby!
A rime drake is nearby!
The rime drake hisses angrily.
The rime drake breathes ice at you. The flash freeze misses you.
The rime drake bites you but does no damage. x2
You completely miss the rime drake. You bite the rime drake!
You draw the rime drake's blood!
The rime drake is moderately wounded.
You puncture the rime drake! You drain the rime drake.
The rime drake is heavily wounded.
The rime drake completely misses you.
You puncture the rime drake! You drain the rime drake.
The rime drake is almost dead.
The rime drake bites you but does no damage.
You puncture the rime drake!
You kill the rime drake!
Kikubaaqudgha accepts your kill.
No target in view!
You see here a rime drake corpse.
A yak comes into view.
A yak is nearby!
A yak is nearby!
A basilisk comes into view. 4 yaks come into view.
The helpless yak fails to defend itself.
You bite the yak, and draw its blood! You perforate the yak like a sieve!!!!!
You kill the yak!
Kikubaaqudgha accepts your kill.
The yak bellows! x3
You puncture the yak! You bite the yak.
You draw the yak's blood!
The yak is moderately wounded.
You hear an angry hiss. x2
The yak barely misses you.
You puncture the yak! You drain the yak. You bite the yak.
You kill the yak!
Kikubaaqudgha accepts your kill.
You hit the yak but do no damage. The yak closely misses you.
You hit the yak.
The yak is lightly wounded.
The yak closely misses you. The yak gores you. The yak barely misses you.
The basilisk hisses angrily.
You barely miss the yak.
The yak is lightly wounded.
You puncture the yak!
The yak is moderately wounded.
The yak closely misses you. The yak gores you but does no damage.
The basilisk bites you. The yak gores you.
You puncture the basilisk!
The basilisk is moderately wounded.
The yak barely misses you. The basilisk bites you! The yak closely misses you.
The yak completely misses you.
You puncture the basilisk! You drain the basilisk.
You bite the basilisk, but do no damage.
The basilisk is severely wounded.
You puncture the basilisk!
The basilisk is almost dead.
The basilisk barely misses you. The yak barely misses you.
The yak closely misses you. The yak gores you!
The basilisk attacks as you move away! The basilisk misses you.
The yak attacks as you move away! The yak gores you but does no damage.
A basilisk comes into view.
The basilisk gazes at you. You resist with almost no effort.
Found a scroll labelled CASITSU UC BER.
The yak attacks as you move away! The yak gores you but does no damage.
Found a sling.
The basilisk hisses menacingly.
The yak attacks as you move away! The yak gores you.
The yak attacks as you move away! The yak gores you!
* * * LOW HITPOINT WARNING * * *
You turn into a vampire bat.
The +11 dagger of the Evil Eye {drain, rC- Str+5} melds into your body.
The +1 cloak of Sofofan {*Corrode Will+ Dex+4 Stlth+} melds into your body.
The +3 pair of gauntlets of War {Slay+5} melds into your body.
The +4 robe of Augmentation {Str+4 Int+4 Dex+4} melds into your body.
Your +4 ring of evasion melds into your body.
You feel weakened.
You feel dopey.
You feel clumsy. The yak gores you!
* * * LOW HITPOINT WARNING * * *
The basilisk gazes at you.
You are slowing down.
Unknown command.
You feel limber!
Your magical effects are unravelling.
You feel magically purged. The basilisk gazes at you.
You easily resist.
There is a staircase back to the Dungeon here.
You fly upwards.
Welcome back to the Dungeon!
Level annotation: exclusion: electric eel
There is a staircase to the Lair here.
You feel less batty.
The +11 dagger of the Evil Eye {drain, rC- Str+5} unmelds from your body.
The +1 cloak of Sofofan {*Corrode Will+ Dex+4 Stlth+} unmelds from your body.
The +3 pair of gauntlets of War {Slay+5} unmelds from your body.
The +4 robe of Augmentation {Str+4 Int+4 Dex+4} unmelds from your body.
Your +4 ring of evasion unmelds from your body.
You sense an unholy aura.
You start removing your armour.
You continue taking off the +4 robe of Augmentation {Str+4 Int+4 Dex+4}. x4
You finish taking off the +4 robe of Augmentation {Str+4 Int+4 Dex+4}.
You start putting on your armour.
You continue putting on your +0 troll leather armour. x5
You finish putting on your +0 troll leather armour.
The armour cannot attune itself to your injured body.
You start resting.
HP restored.
Your armour attunes itself to your body as you begin to regenerate more quickly.
Unknown command.
You start removing your armour.
You continue taking off your +0 troll leather armour. x4
You finish taking off your +0 troll leather armour.
You start putting on your armour.
You continue putting on the +4 robe of Augmentation {Str+4 Int+4 Dex+4}. x5
You finish putting on the +4 robe of Augmentation {Str+4 Int+4 Dex+4}.
You feel stronger.
You feel clever.
You feel agile.
Unknown command.
You can't go up here!
Unknown command.
You climb downwards.
Welcome back to the Lair of Beasts!
The yak barely misses you. The yak closely misses you.
There is a staircase back to the Dungeon here.
You puncture the yak! Your bite misses the yak.
The yak is moderately wounded.
The yak gores you! The yak gores you.
You climb upwards.
Welcome back to the Dungeon!
Level annotation: exclusion: electric eel
There is a staircase to the Lair here.
You hit the yak.
The yak is moderately wounded.
You puncture the yak!
The yak is severely wounded.
The yak barely misses you.
You hit the yak. You drain the yak. You bite the yak!
You kill the yak!
Kikubaaqudgha accepts your kill.
No target in view!
No target in view!
You climb downwards.
Welcome back to the Lair of Beasts!
The yak gores you.
Your corrosive artefact corrodes you!
There is a staircase back to the Dungeon here.
Okay, then.
Unknown command.
Casting: Magic Dart (safe; 2% risk of failure)
Confirm with . or Enter, or press ? or * to list all spells.
Aiming: Vampiric Draining (safe; 1% risk of failure)
Press: ? - help, Shift-Dir - straight line, f - yak
Aim: a yak You draw life force from the yak!
You feel life coursing into your body. The yak completely misses you.
Casting: Vampiric Draining (safe; 1% risk of failure)
Confirm with . or Enter, or press ? or * to list all spells.
Aiming: Vampiric Draining (safe; 1% risk of failure)
Press: ? - help, Shift-Dir - straight line, f/p - yak
Aim: a yak (moderately wounded)
You draw life force from the yak!
You feel life coursing into your body. The yak misses you.
Casting: Vampiric Draining (safe; 1% risk of failure)
Confirm with . or Enter, or press ? or * to list all spells.
Aiming: Vampiric Draining (safe; 1% risk of failure)
Press: ? - help, Shift-Dir - straight line, f/p - yak
Aim: a yak (heavily wounded)
You draw life force from the yak.
You feel life coursing into your body. The yak gores you.
Casting: Vampiric Draining (safe; 1% risk of failure)
Confirm with . or Enter, or press ? or * to list all spells.
Aiming: Vampiric Draining (safe; 1% risk of failure)
Press: ? - help, Shift-Dir - straight line, f/p - yak
Aim: a yak (severely wounded)
You draw life force from the yak!
You feel life coursing into your body.
* * * LOW MAGIC WARNING * * *
The yak barely misses you.
You hit the yak.
You kill the yak!
Kikubaaqudgha accepts your kill.
Casting: Vampiric Draining (safe; 1% risk of failure)
Confirm with . or Enter, or press ? or * to list all spells.
You don't have enough magic to cast this spell.
Unknown command.
You hit the yak but do no damage. You bite the yak.
You draw the yak's blood!
You feel better.
The yak is lightly wounded.
You puncture the yak!
The yak is moderately wounded.
The yak completely misses you.
You hit the yak. You drain the yak.
The yak is heavily wounded.
The yak barely misses you.
The basilisk hisses angrily.
You puncture the yak!
The yak is almost dead.
You puncture the yak!
You kill the yak!
Kikubaaqudgha accepts your kill. The basilisk gazes at you.
You resist with almost no effort. The basilisk gazes at you.
You resist with almost no effort.
You are no longer corroded.
You see here a yak corpse.
You puncture the basilisk!
The basilisk is heavily wounded.
The basilisk bites you.
You hit the basilisk. You drain the basilisk.
The basilisk is severely wounded.
The basilisk gazes at you. You resist with almost no effort.
You hit the basilisk but do no damage.
The basilisk is severely wounded.
You barely miss the basilisk.
The basilisk is severely wounded.
The basilisk barely misses you.
You impale the basilisk!!
You kill the basilisk!
Kikubaaqudgha accepts your kill.
No target in view!
There is a staircase back to the Dungeon here.
HP restored.
A basilisk is nearby!
A basilisk is nearby!
A basilisk is nearby!
You see here a yak corpse.
You enter the shallow water.
Moving in this stuff is going to be slow.
The basilisk gazes at you. You resist with almost no effort.
The basilisk bites you! The basilisk gazes at you.
You resist with almost no effort.
Your unstable footing causes you to fumble your attack.
You puncture the basilisk!
The basilisk is moderately wounded.
The basilisk gazes at you.
You are slowing down.
Unknown command.
A basilisk is nearby!
Your unstable footing causes you to fumble your attack.
The basilisk barely misses you.
Your limbs are stiffening.
The basilisk barely misses you. The basilisk bites you.
You have turned to stone.
The basilisk bites you but does no damage.
The basilisk gazes at you. You resist with almost no effort.
The basilisk gazes at you. You resist with almost no effort.
The basilisk gazes at you. You resist with almost no effort.
The basilisk bites you but does no damage.
The basilisk bites you! The basilisk gazes at you.
You resist with almost no effort.
You turn to flesh and can move again.
Unknown command.
Unknown command.
Unknown command.
Unknown command.
Unknown command.
Unknown command.
Unknown command.
Unknown command.
Unknown command.
Unknown command.
Unknown command.
Unknown command.
Unknown command.
Unknown command.
Unknown command.
Unknown command.
Unknown command.
Unknown command.
Unknown command.
Unknown command.
Unknown command.
Okay, then.
Unknown command.
Casting: Vampiric Draining (safe; 1% risk of failure)
Confirm with . or Enter, or press ? or * to list all spells.
Aiming: Vampiric Draining (safe; 1% risk of failure)
Press: ? - help, Shift-Dir - straight line, f - basilisk
Aim: a basilisk (lightly wounded)
You draw life force from the basilisk!
You feel life coursing into your body.
The basilisk bites you but does no damage.
Casting: Vampiric Draining (safe; 1% risk of failure)
Confirm with . or Enter, or press ? or * to list all spells.
Aiming: Vampiric Draining (safe; 1% risk of failure)
Press: ? - help, Shift-Dir - straight line, f/p - basilisk
Aim: a basilisk (heavily wounded)
You draw life force from the basilisk!
You feel life coursing into your body.
The basilisk bites you but does no damage.
Casting: Vampiric Draining (safe; 1% risk of failure)
Confirm with . or Enter, or press ? or * to list all spells.
Aiming: Vampiric Draining (safe; 1% risk of failure)
Press: ? - help, Shift-Dir - straight line, f/p - basilisk
Aim: a basilisk (severely wounded)
You draw life force from the basilisk!
You kill the basilisk!
Kikubaaqudgha accepts your kill.
You feel life coursing into your body.
You feel your dexterity returning.
Casting: Vampiric Draining (safe; 1% risk of failure)
Confirm with . or Enter, or press ? or * to list all spells.
You don't know that spell.
Magic restored.
You see here a basilisk corpse.
There is a stone staircase leading down here.
Found a stone staircase leading down.
You now have 681 gold pieces (gained 10).
Key pressed, stopping explore.
An adder comes into view. 2 adders come into view.
The adder hisses angrily.
The adder bites the plant.
The plant begins to die.
The adder bites something.
A basilisk comes into view.
You barely miss the adder.
The adder hisses angrily.
You punch the adder! You bite the adder.
You kill the adder!
Kikubaaqudgha accepts your kill.
A komodo dragon comes into view.
The basilisk hisses angrily.
The komodo dragon hisses angrily.
A cane toad comes into view.
The cane toad croaks.
The adder hisses angrily.
You hear an angry hiss.
You hear an angry hiss.
A nearby fungus withers and dies.
The basilisk bites the plant!
The plant begins to die.
A wolf spider comes into view.
A nearby plant withers and dies.
The adder misses you.
The basilisk bites the plant!
The adder closely misses you.
The wolf spider moves out of view.
You closely miss the adder. You punch the adder.
The adder is moderately wounded.
The wolf spider's many legs skitter.
You puncture the adder!
You kill the adder!
Kikubaaqudgha accepts your kill.
Something bites the fungus!
The fungus begins to die.
The basilisk bites the plant!
The wolf spider hits the plant.
The plant begins to die.
The wolf spider bites the plant!
The adder misses you.
Training target 8.0 for Armour reached!
Your Armour skill increases to level 8!
The adder attacks as you move away! The adder misses you.
Something bites the plant.
The plant begins to die.
The plant is poisoned.
Something poisons the plant!
Something hits the fungus.
Something bites the fungus!
The basilisk bites the plant!
Something bites the fungus.
You hear an angry hiss.
The adder attacks as you move away! The adder barely misses you.
The cane toad stings the plant.
The plant begins to die.
Something bites the plant!
The adder attacks as you move away! The adder barely misses you.
A nearby plant withers and dies.
The basilisk bites the fungus.
The fungus begins to die.
The adder closely misses you.
The basilisk bites the fungus!
The adder attacks as you move away! The adder misses you.
The basilisk bites the plant!
The plant begins to die.
A nearby plant withers and dies.
The basilisk bites the fungus.
The adder barely misses you.
Something bites the fungus.
The adder bites you. The adder attacks as you move away!
The adder bites you but does no damage.
There is a stone staircase leading down here.
The adder attacks as you move away! The adder bites you.
The adder closely misses you. The adder attacks as you move away!
The adder barely misses you. The adder attacks as you move away!
The adder completely misses you. The adder closely misses you.
The adder bites you but does no damage.
Casting: Vampiric Draining (safe; 1% risk of failure)
Confirm with . or Enter, or press ? or * to list all spells.
Casting: Dazzling Flash (dangerous; 2% risk of failure)
Press: ? - help, Dir - look around, f - activate The adder is dazzled.
The komodo dragon is dazzled.
The adder misses you.
You closely miss the adder. You bite the adder.
You draw the adder's blood!
You feel better.
The adder is moderately wounded.
The adder closely misses you.
You catch the helpless adder completely off-guard!
You bite the adder, and draw its blood! You perforate the adder like a sieve!!!
You kill the adder!
Kikubaaqudgha accepts your kill.
You catch the helpless komodo dragon completely off-guard!
You bite the komodo dragon, and draw its blood!
You perforate the komodo dragon like a sieve!!!
You kill the komodo dragon!
Kikubaaqudgha accepts your kill.
Casting: Dazzling Flash (dangerous; 2% risk of failure)
Confirm with . or Enter, or press ? or * to list all spells.
Casting: Dazzling Flash (dangerous; 2% risk of failure)
Press: ? - help, Dir - look around, f - activate The cane toad is dazzled.
The cane toad misses you.
You strike the helpless cane toad from behind!
You bite the cane toad, and draw its blood!
You spit the cane toad like a pig!!!
You kill the cane toad!
Kikubaaqudgha accepts your kill.
Your Hexes skill increases to level 9!
A wolf spider is nearby!
A wolf spider is nearby!
A wolf spider is nearby!
You see here an adder corpse.
The wolf spider misses you. x2
You puncture the wolf spider! You drain the wolf spider.
The wolf spider is moderately wounded.
The wolf spider hits you but does no damage.
The wolf spider misses you.
Casting: Dazzling Flash (safe; 1% risk of failure)
Confirm with . or Enter, or press ? or * to list all spells.
Casting: Dazzling Flash (safe; 1% risk of failure)
Press: ? - help, Dir - look around, f - activate The wolf spider hits you but does no damage.
The wolf spider closely misses you.
Casting: Dazzling Flash (safe; 1% risk of failure)
Confirm with . or Enter, or press ? or * to list all spells.
Casting: Dazzling Flash (safe; 1% risk of failure)
Press: ? - help, Dir - look around, f - activate The wolf spider barely misses you.
The wolf spider bites you but does no damage.
The wolf spider hits you but does no damage.
The wolf spider bites you but does no damage.
You closely miss the wolf spider.
The wolf spider is moderately wounded.
You hit the wolf spider.
The wolf spider is moderately wounded.
The wolf spider closely misses you. The wolf spider bites you.
The wolf spider hits you but does no damage.
The wolf spider closely misses you.
You puncture the wolf spider! You drain the wolf spider.
The wolf spider is severely wounded.
You hit the wolf spider. You drain the wolf spider. You bite the wolf spider.
The wolf spider is almost dead.
The wolf spider hits you but does no damage.
The wolf spider misses you.
You hit the wolf spider.
The wolf spider is almost dead.
The wolf spider hits you!
Your corrosive artefact corrodes you!
The wolf spider bites you. The wolf spider barely misses you. x2
You puncture the wolf spider!
You kill the wolf spider!
Kikubaaqudgha accepts your kill.
You feel your strength returning.
You are no longer corroded.
A hell rat comes into view.
A hell rat is nearby!
A hell rat is nearby!
A hell rat is nearby!
A hell rat is nearby!
A hell rat comes into view.
The hell rat moves out of view.
A hell rat comes into view.
A hell rat comes into view.
Unknown command.
Unknown command.
Unknown command.
Unknown command.
Unknown command.
A hell rat comes into view.
The hell rat roars deafeningly!
You hear a deafening roar!
You enter the shallow water.
Moving in this stuff is going to be slow.
The hell rat roars deafeningly! x2; You hear a loud, deep croak!
You closely miss the hell rat. The hell rat completely misses you.
The hell rat roars deafeningly!
You hit the hell rat.
The hell rat is lightly wounded.
The hell rat misses you.
The hell rat bites you but does no damage.
You hit the hell rat. You bite the hell rat.
The hell rat is lightly wounded.
The hell rat misses you.
You puncture the hell rat!
The hell rat is severely wounded.
The hell rat bites you! The hell rat barely misses you.
You barely miss the hell rat. You bite the hell rat.
The hell rat is moderately wounded.
The hell rat barely misses you. The hell rat bites you!
You are too injured to fight recklessly!
The hell rat attacks as you move away!
The hell rat splashes around in the water.
The hell rat closely misses you. The hell rat bites you!
* * * LOW HITPOINT WARNING * * *
The hell rat bites you!
* * * LOW HITPOINT WARNING * * *
You are too injured to fight recklessly!
You are too injured to fight recklessly!
Unknown command.
Unknown command.
Casting: Dazzling Flash (safe; 1% risk of failure)
Confirm with . or Enter, or press ? or * to list all spells.
Casting: Dazzling Flash (safe; 1% risk of failure)
Press: ? - help, Dir - look around, f - activate The hell rat is dazzled. x4; The hell rat closely misses you.
The hell rat bites you!
* * * LOW HITPOINT WARNING * * *
The hell rat closely misses you. The hell rat barely misses you.
The hell rat bites you!
* * * LOW HITPOINT WARNING * * *
Blink to where?
Press: ? - help, Dir - move target
As you read the scroll of blinking, it crumbles to dust.
You climb upwards.
Welcome back to the Dungeon!
Level annotation: exclusion: electric eel
There is a staircase to the Lair here.
You start resting.
Magic restored.
You start resting.
HP restored.
Unknown command.
You climb downwards.
Welcome back to the Lair of Beasts!
There is a staircase back to the Dungeon here.
The hell rat closely misses you.
You barely miss the hell rat. You barely miss the hell rat.
The hell rat closely misses you.
You hit the hell rat but do no damage. The hell rat closely misses you.
You puncture the hell rat! You bite the hell rat.
The hell rat is almost dead.
The hell rat bites you!
You closely miss the hell rat. You punch the hell rat.
The hell rat is almost dead.
You hit the hell rat but do no damage.
The hell rat is almost dead.
The hell rat closely misses you.
You closely miss the hell rat. You bite the hell rat.
You kill the hell rat!
Kikubaaqudgha accepts your kill.
You puncture the hell rat! Your bite misses the hell rat.
The hell rat is severely wounded.
The hell rat closely misses you.
You closely miss the hell rat.
The hell rat is severely wounded.
The hell rat completely misses you.
Casting: Dazzling Flash (safe; 1% risk of failure)
Confirm with . or Enter, or press ? or * to list all spells.
Casting: Dazzling Flash (safe; 1% risk of failure)
Press: ? - help, Dir - look around, f - activate The hell rat is dazzled.
The hell rat barely misses you. The hell rat bites you.
You barely miss the hell rat. You bite the hell rat.
The hell rat is severely wounded.
The hell rat closely misses you.
You puncture the hell rat!
You kill the hell rat!
Kikubaaqudgha accepts your kill.
A cane toad comes into view.
The cane toad gives a loud, deep croak!
You hit the hell rat but do no damage. The hell rat bites you.
You puncture the hell rat! Your bite misses the hell rat.
The hell rat is heavily wounded.
The hell rat completely misses you.
You puncture the hell rat!
You kill the hell rat!
Kikubaaqudgha accepts your kill.
Casting: Dazzling Flash (safe; 1% risk of failure)
Confirm with . or Enter, or press ? or * to list all spells.
You don't know that spell.
Casting: Dazzling Flash (safe; 1% risk of failure)
Confirm with . or Enter, or press ? or * to list all spells.
Casting: Dazzling Flash (safe; 1% risk of failure)
Press: ? - help, Dir - look around, f - activate
Okay, then.
Unknown command.
Casting: Dazzling Flash (safe; 1% risk of failure)
Confirm with . or Enter, or press ? or * to list all spells.
Aiming: Vampiric Draining (safe; 1% risk of failure)
Press: ? - help, Shift-Dir - straight line, f - cane toad
Aim: a cane toad You draw life force from the cane toad!
You feel life coursing into your body! The cane toad barely misses you.
Casting: Vampiric Draining (safe; 1% risk of failure)
Confirm with . or Enter, or press ? or * to list all spells.
Aiming: Vampiric Draining (safe; 1% risk of failure)
Press: ? - help, Shift-Dir - straight line, f/p - cane toad
Aim: a cane toad (moderately wounded)
You draw life force from the cane toad!
You feel life coursing into your body.
The cane toad stings you but does no damage.
The cane toad closely misses you.
Casting: Vampiric Draining (safe; 1% risk of failure)
Confirm with . or Enter, or press ? or * to list all spells.
Aiming: Vampiric Draining (safe; 1% risk of failure)
Press: ? - help, Shift-Dir - straight line, f/p - cane toad
Aim: a cane toad (heavily wounded)
You draw life force from the cane toad!
You feel life coursing into your body. The cane toad closely misses you.
You puncture the cane toad!
You kill the cane toad!
Kikubaaqudgha accepts your kill.
Your Fighting skill increases to level 5!
You see here a cane toad corpse.
The hell rat barely misses you.
Casting: Vampiric Draining (safe; 1% risk of failure)
Confirm with . or Enter, or press ? or * to list all spells.
Casting: Dazzling Flash (safe; 1% risk of failure)
Press: ? - help, Dir - look around, f - activate The hell rat is dazzled.
* * * LOW MAGIC WARNING * * *
The hell rat barely misses you. The hell rat misses you.
You puncture the hell rat!
The hell rat is severely wounded.
The hell rat misses you.
You catch the helpless hell rat completely off-guard!
You skewer the hell rat like a kebab!!!
You kill the hell rat!
Kikubaaqudgha accepts your kill.
You puncture the hell rat!
The hell rat is heavily wounded.
The hell rat splashes around in the water.
You puncture the hell rat!
You kill the hell rat!
Kikubaaqudgha accepts your kill.
HP restored.
An adder comes into view.
An adder is nearby!
An adder is nearby!
The adder hisses angrily.
The adder closely misses you. x2
You completely miss the adder. The adder bites you but does no damage.
You closely miss the adder. You puncture the adder!
You kill the adder!
Kikubaaqudgha accepts your kill.
No target in view!
No target in view!
Magic restored.
An adder comes into view.
An adder is nearby!
An adder is nearby!
Unknown command.
Found a dark potion.
No target in view!
No target in view!
An adder is nearby!
An adder is nearby!
The adder hisses angrily.
The adder barely misses you.
You barely miss the adder. Your bite misses the adder.
The adder closely misses you.
You closely miss the adder. You barely miss the adder.
The adder bites you but does no damage.
You puncture the adder!
You kill the adder!
Kikubaaqudgha accepts your kill.
No target in view!
No target in view!
Okay, then.
You can't memorise that many levels of magic yet!
Unknown command.
Okay, then.
G - 5 clear potions (gained 1)
You now have 701 gold pieces (gained 20).
Found a broken altar of Ashenzari.
z - 5 dark potions (gained 1)
A bullfrog comes into view.
A bullfrog is nearby!
A bullfrog is nearby!
Found 14 gold pieces.
The helpless bullfrog fails to defend itself.
You bite the bullfrog, and draw its blood!
You perforate the bullfrog like a sieve!!!!!
You kill the bullfrog!
Kikubaaqudgha accepts your kill.
You now have 715 gold pieces (gained 14).
You now have 737 gold pieces (gained 22).
H - 2 ruby potions (gained 1)
Found a stone staircase leading down.
Found 7 stones and a scale mail.
U - a glowing emerald potion You see here a +2 rapier of freezing.
A cane toad comes into view.
The helpless cane toad fails to defend itself.
You bite the cane toad, and draw its blood!
You skewer the cane toad like a kebab!!!!!
You kill the cane toad!
Kikubaaqudgha accepts your kill.
You feel your intelligence returning.
There is a fountain of clear blue water here.
There is a fountain of clear blue water here.
An adder comes into view.
An adder is nearby!
An adder is nearby!
There is a fountain of clear blue water here.
No target in view!
No target in view!
You now have 753 gold pieces (gained 16).
A black mamba comes into view.
The black mamba hisses angrily.
You puncture the black mamba!
The black mamba is moderately wounded.
The black mamba closely misses you.
You puncture the black mamba! You drain the black mamba.
The black mamba is severely wounded.
The black mamba barely misses you.
You hit the black mamba but do no damage.
The black mamba is severely wounded.
The black mamba bites you but does no damage.
You completely miss the black mamba.
The black mamba is severely wounded.
The black mamba bites you.
A cane toad comes into view.
The black mamba closely misses you.
The cane toad croaks.
You hit the black mamba.
The black mamba is almost dead.
The black mamba closely misses you.
You puncture the black mamba!
You kill the black mamba!
Kikubaaqudgha accepts your kill.
Casting: Dazzling Flash (safe; 1% risk of failure)
Confirm with . or Enter, or press ? or * to list all spells.
You don't know that spell.
Casting: Dazzling Flash (safe; 1% risk of failure)
Confirm with . or Enter, or press ? or * to list all spells.
Casting: Dazzling Flash (safe; 1% risk of failure)
Press: ? - help, Dir - look around, f - activate The cane toad stings you.
Casting: Dazzling Flash (safe; 1% risk of failure)
Confirm with . or Enter, or press ? or * to list all spells.
Casting: Dazzling Flash (safe; 1% risk of failure)
Press: ? - help, Dir - look around, f - activate The cane toad is dazzled.
The cane toad completely misses you.
You catch the helpless cane toad completely off-guard!
You bite the cane toad, and draw its blood!
You feel better.
You skewer the cane toad like a kebab!!!
You kill the cane toad!
Kikubaaqudgha accepts your kill.
M - 3 scrolls labelled CASITSU UC BER (gained 1)
R - a wand of roots (8) (gained 4 charges)
You now have 769 gold pieces (gained 16).
Key pressed, stopping explore.
V - a +0 pair of boots A bullfrog comes into view.
A bullfrog is nearby!
The bullfrog croaks.
You hit the bullfrog. You drain the bullfrog.
The bullfrog is heavily wounded.
The bullfrog hits you but does no damage.
You puncture the bullfrog!
You kill the bullfrog!
Kikubaaqudgha accepts your kill.
No target in view!
No target in view!
m - 6 scrolls labelled XEXOUFU HEBUNAMN (gained 1)
An adder is nearby!
An adder is nearby!
No target in view!
No target in view!
No target in view!
No target in view!
No target in view!
An adder is nearby!
You catch the helpless adder completely off-guard!
You bite the adder, and draw its blood!
You stick the adder like a pincushion!!!
You kill the adder!
Kikubaaqudgha accepts your kill.
No target in view!
No target in view!
No target in view!
You see here an adder skeleton.
You now have 780 gold pieces (gained 11).
You now have 792 gold pieces (gained 12).
l - 3 scrolls labelled JAIFU TYRYDYLO (gained 1) Key pressed, stopping explore.
Key pressed, stopping explore.
You enter the shallow water.
Moving in this stuff is going to be slow.
Key pressed, stopping explore.
A basilisk is nearby!
A basilisk is nearby!
A basilisk is nearby!
The basilisk hisses angrily.
You puncture the basilisk! You drain the basilisk.
The basilisk is heavily wounded.
The basilisk gazes at you. You resist with almost no effort.
You hit the basilisk.
The basilisk is heavily wounded.
The basilisk gazes at you. You resist with almost no effort.
You closely miss the basilisk. You bite the basilisk.
You draw the basilisk's blood!
The basilisk is severely wounded.
You hit the basilisk. You drain the basilisk.
The basilisk is almost dead.
The basilisk gazes at you. You resist with almost no effort.
You barely miss the basilisk.
The basilisk is almost dead.
The basilisk gazes at you. You resist with almost no effort.
You closely miss the basilisk.
The basilisk is almost dead.
A basilisk is nearby!
A basilisk is nearby!
You puncture the basilisk!
You kill the basilisk!
Kikubaaqudgha accepts your kill.
You feel your dexterity returning.
No target in view!
Done exploring.
Done exploring.
Done exploring.
(D) Dungeon (T) Temple (L) Lair (O) Orcish Mines
Where to? (Enter - Lair:1, ? - help)
There is a fountain of clear blue water here.
There is a stone staircase leading down here.
You climb downwards.
There is a stone staircase leading up here.
Key pressed, stopping travel.
Unknown command.
A polar bear comes into view.
A polar bear is nearby!
A polar bear is nearby!
The helpless polar bear fails to defend itself.
You bite the polar bear, and draw its blood!
You skewer the polar bear like a kebab!!!!!
You kill the polar bear!
Kikubaaqudgha accepts your kill.
You can now invoke torment.
You see here a polar bear corpse.
Found a stone staircase leading up.
Found a stone staircase leading down.
A sourceless malevolence fills the Lair of Beasts...
With a horrendous wail, an alarm goes off!
A sentinel's mark forms upon you.
You hear a roar!
You hear a trumpeting! x2
An elephant comes into view.
An elephant comes into view.
A bog body comes into view.
The elephant attacks as you move away! The elephant tramples you!
The elephant closely misses you.
There is a stone staircase leading up here.
The bog body points at you and mumbles some strange words.
You resist with almost no effort. The elephant tramples you!
You stumble backwards!
You stop ascending the stairs.
The elephant attacks as you move away!
The elephant tramples you but does no damage.
The elephant trunk-slaps you but does no damage.
The bog body points at you and mumbles some strange words.
You feel yourself slow down.
Unknown command.
Casting: Dazzling Flash (safe; 1% risk of failure)
Confirm with . or Enter, or press ? or * to list all spells.
Casting: Dazzling Flash (safe; 1% risk of failure)
Press: ? - help, Dir - look around, f - activate The elephant is dazzled.
The bog body casts a spell at you.
You feel as though you will be slow longer.
The elephant barely misses you.
The elephant trunk-slaps you but does no damage.
The elephant tramples you.
You stumble backwards!
Okay, then.
Okay, then.
Unknown command.
Casting: Dazzling Flash (safe; 1% risk of failure)
Confirm with . or Enter, or press ? or * to list all spells.
Casting: Dazzling Flash (safe; 1% risk of failure)
Press: ? - help, Dir - look around, f - activate The elephant is dazzled. x2
An elephant comes into view.
The elephant completely misses you. The elephant misses you.
You puncture the elephant!
You bite the elephant, but do no damage.
The elephant is lightly wounded.
The elephant misses you. x2
The elephant tramples you but does no damage.
The elephant trunk-slaps you but does no damage.
You hit the elephant. You drain the elephant.
The elephant is moderately wounded.
A komodo dragon comes into view.
The elephant tramples you.
You stumble backwards!
The komodo dragon moves out of view.
You hit the elephant but do no damage. You drain the elephant.
You bite the elephant.
You draw the elephant's blood!
You feel better.
The elephant is moderately wounded.
The elephant tramples you!
You stumble backwards!
You hit the elephant but do no damage. You drain the elephant.
The elephant is heavily wounded.
The elephant tramples you!
* * * LOW HITPOINT WARNING * * *
You stumble backwards!
Casting: Dazzling Flash (safe; 1% risk of failure)
Confirm with . or Enter, or press ? or * to list all spells.
Casting: Dazzling Flash (safe; 1% risk of failure)
Press: ? - help, Dir - look around, f - activate
Okay, then.
Blink to where?
Press: ? - help, Dir - move target
As you read the scroll of blinking, it crumbles to dust.
The elephant is no longer blind.
The komodo dragon bites you but does no damage.
The komodo dragon bites you!!
You die...
Kikubaaqudgha rasps: "You have failed me!
Welcome... oblivion!"

.................#..........#
....P#.....>..####...........
....##........# ##...........
.... ........## #............
.. ..#.....## ##..Y.........
...##....# #.............
...# #..### ##.##..........
.... #.# #.l.#..........
#.@............
#..Y#........##
##n...........#
#.Y.#.......P..
##...#...####### .#
##YY.###P.# ... #....# ####
...###.§.## ........##


You could see 4 elephants, a komodo dragon and a bog body.

Vanquished Creatures
  A two-headed ogre (D:10)
  Erica (D:8)
  A wolf spider (Lair:1)
  A black mamba (Lair:1)
  4 cane toads (Lair:1)
  An unseen horror (D:10)
  A rime drake (Lair:1)
  A komodo dragon (Lair:1)
  A hornet (D:9)
  A polar bear (Lair:2)
  4 trolls
  Prince Ribbit (D:8)
  Sigmund (D:4)
  A wraith (D:10)
  3 wyverns
  16 yaks
  3 basilisks (Lair:1)
  Edmund (D:4)
  3 water moccasins
  2 acid dragons (D:6)
  An orc warrior (D:10)
  2 black bears
  4 centaurs
  A phantom (D:7)
  A kobold brigand (D:11)
  A gnoll sergeant (D:8)
  A necrophage (D:4)
  13 bullfrogs
  A scorpion (D:8)
  15 wights
  5 killer bees (D:10)
  3 howler monkeys
  2 electric eels (D:8)
  4 hounds
  4 jellies
  Crazy Yiuf (D:6)
  4 orc priests
  3 iguanas (D:5)
  Ijyb (D:4)
  5 hell rats (Lair:1)
  12 orc wizards
  3 mummies (Ossuary)
  5 gnolls
  19 adders
  A river rat (D:5)
  A shadow imp (D:8)
  3 white imps
  An ufetubus (D:6)
  2 adder zombies (Ossuary)
  5 worms
  3 dart slugs
  29 orcs
  3 endoplasms
  9 giant cockroaches
  6 goblins
  4 hobgoblins
  4 jackals (D:4)
  15 kobolds
  5 quokkas
  15 ball pythons
  5 bats
  8 frilled lizards
  2 goblin zombies (Ossuary)
  6 hobgoblin zombies (Ossuary)
  3 kobold zombies (Ossuary)
  An orc zombie (Ossuary)
  4 quokka zombies (Ossuary)
  8 rats
302 creatures vanquished.

Vanquished Creatures (others)
  59 fungi
  69 plants
128 creatures vanquished.

Grand Total: 430 creatures vanquished

Notes
Turn   | Place    | Note
-------+----------+-------------------------------------------
     0 | D:1      | sleeves the Vampire Conjurer began the quest for the Orb.
     0 | D:1      | Reached XP level 1. HP: 13/13 MP: 3/3
    29 | D:1      | Reached skill level 3 in Conjurations
   306 | D:1      | Found a faded altar of an unknown god.
   375 | D:1      | Reached XP level 2. HP: 19/19 MP: 5/5
   477 | D:1      | Reached skill level 1 in Short Blades
   948 | D:2      | Reached skill level 4 in Stealth
   948 | D:2      | Gained mutation: You are afflicted with vampirism and can
                  | become a bat while bloodless. [Vampire growth]
   948 | D:2      | Reached XP level 3. HP: 13/24 MP: 6/6
  1129 | D:2      | Identified the +11 dagger of the Evil Eye {drain, rC-
                  | Str+5}
  1423 | D:2      | Reached skill level 2 in Short Blades
  1708 | D:3      | Reached XP level 4. HP: 30/30 MP: 7/7
  1766 | D:3      | Found a shadowy altar of Dithmenos.
  2031 | D:3      | Identified the +2 pair of gloves of the Shining Light
                  | {Drain rC+ Dex+2}
  2115 | D:3      | Reached skill level 5 in Stealth
  2669 | D:4      | Reached XP level 5. HP: 34/34 MP: 8/8
  2743 | D:4      | Noticed Sigmund
  2745 | D:4      | Killed Sigmund
  2746 | D:4      | Reached skill level 4 in Short Blades
  2746 | D:4      | Reached skill level 7 in Stealth
  2746 | D:4      | Reached XP level 6. HP: 40/41 MP: 9/9
  2755 | D:4      | Noticed Edmund
  2759 | D:4      | Killed Edmund
  2760 | D:4      | Reached skill level 8 in Stealth
  2764 | D:4      | Reached skill level 9 in Stealth
  2810 | D:4      | Found a sparkling altar of Nemelex Xobeh.
  2858 | D:4      | Reached XP level 7. HP: 43/46 MP: 10/10
  2865 | D:4      | Found Hiublohi's Magic Scroll Shoppe.
  2901 | D:4      | Identified the +1 cloak of Sofofan {*Corrode Will+ Dex+4
                  | Stlth+}
  3047 | D:4      | Noticed Ijyb
  3059 | D:4      | Killed Ijyb
  3065 | D:4      | Found Feczaq's Armour Emporium.
  3280 | D:4      | Identified the +8 dagger of Zin's Esteem {protect, *Noise
                  | rN+ rCorr SInv}
  3361 | D:5      | Entered Level 5 of the Dungeon
  3423 | D:5      | Reached skill level 10 in Stealth
  3537 | D:5      | Found a glowing drain.
  3548 | D:5      | Reached skill level 1 in Fighting
  3660 | Sewer    | Entered a sewer
  3918 | D:5      | Learned a level 3 spell: Dazzling Flash
  3955 | D:5      | Found a snail-covered altar of Cheibriados.
  3994 | D:5      | Reached skill level 11 in Stealth
  4369 | D:5      | Reached skill level 2 in Fighting
  4438 | D:5      | Reached skill level 5 in Short Blades
  4594 | D:4      | Found a staircase to the Ecumenical Temple.
  4604 | Temple   | Entered the Ecumenical Temple
  4695 | Temple   | sleeves: !polytheist
  4695 | Temple   | beem: Unwon gods for sleeves: Fedhas, Ignis, Kikubaaqudgha,
                  | Nemelex Xobeh, Qazlal, Wu Jian
  4711 | Temple   | Became a worshipper of Kikubaaqudgha
  5025 | D:6      | Reached XP level 8. HP: 44/44 MP: 11/11
  5074 | D:6      | Reached skill level 1 in Armour
  5292 | D:6      | Reached skill level 2 in Armour
  5447 | D:6      | Found a large runed translucent door.
  5448 | D:6      | Found a large runed translucent door.
  5454 | D:6      | Reached skill level 6 in Short Blades
  5454 | D:6      | Reached skill level 12 in Stealth
  5455 | D:6      | Found a large runed translucent door.
  5455 | D:6      | Found a large runed translucent door.
  5455 | D:6      | Found the +3 pair of gauntlets of War {Slay+5}
  5456 | D:6      | Noticed a troll
  5476 | D:6      | Killed a troll
  5582 | D:6      | Reached skill level 3 in Armour
  5674 | D:6      | Reached * piety under Kikubaaqudgha
  5674 | D:6      | Received a gift from Kikubaaqudgha
  5699 | D:6      | Reached XP level 9. HP: 45/46 MP: 12/12
  5703 | D:6      | Learned a level 3 spell: Vampiric Draining
  5713 | D:6      | Reached skill level 7 in Short Blades
  5716 | D:6      | Reached skill level 13 in Stealth
  5817 | D:6      | Reached skill level 1 in Hexes
  5912 | D:6      | Found a shimmering altar of Xom.
  6042 | D:6      | Found a runed translucent door.
  6043 | D:6      | Noticed Crazy Yiuf
  6050 | D:6      | Killed Crazy Yiuf
  6115 | D:7      | Found Qel Nualeu's Jewellery Boutique.
  6262 | D:6      | Reached skill level 1 in Necromancy
  6498 | D:7      | Found Gox Uthi's Armour Shoppe.
  6551 | D:7      | Reached skill level 2 in Hexes
  6560 | D:7      | Reached skill level 4 in Armour
  6560 | D:7      | Reached skill level 2 in Necromancy
  6588 | D:7      | Reached skill level 3 in Hexes
  6713 | D:7      | Found Esuyqy's Antique Weapon Shoppe.
  7103 | D:7      | Reached skill level 4 in Hexes
  7243 | D:8      | Found a stormy altar of Qazlal.
  7338 | D:8      | Reached skill level 3 in Necromancy
  7381 | D:8      | Reached skill level 14 in Stealth
  7409 | D:8      | Reached ** piety under Kikubaaqudgha
  7422 | D:8      | Reached skill level 5 in Hexes
  7425 | D:8      | Reached skill level 4 in Necromancy
  7441 | D:8      | Found a staircase to the Lair.
  7489 | D:8      | Reached XP level 10. HP: 49/53 MP: 13/13
  7491 | D:8      | Reached skill level 5 in Armour
  7584 | D:8      | Found a sand-covered staircase.
  7609 | Ossuary  | Entered an ossuary
  7698 | Ossuary  | Reached *** piety under Kikubaaqudgha
  7698 | Ossuary  | Received a gift from Kikubaaqudgha
  7867 | D:8      | Found Bopninn's Magic Scroll Shop.
  8030 | D:8      | Noticed Erica
  8052 | D:8      | Noticed Prince Ribbit
  8085 | D:8      | Killed Erica
  8086 | D:8      | Reached skill level 5 in Necromancy
  8101 | D:8      | HP: 22/53 [Prince Ribbit (5)]
  8102 | D:8      | Killed Prince Ribbit
  8508 | D:9      | Reached skill level 15 in Stealth
  8560 | D:9      | Reached skill level 6 in Hexes
  8566 | D:9      | Learned a level 5 spell: Agony
  8658 | D:9      | Reached skill level 6 in Armour
  8785 | D:9      | Found a broken altar of Ashenzari.
  8910 | D:9      | Reached skill level 3 in Fighting
  8954 | D:9      | Reached skill level 6 in Necromancy
  9049 | D:9      | Reached skill level 7 in Hexes
  9295 | D:10     | Entered Level 10 of the Dungeon
  9306 | D:10     | Reached skill level 7 in Armour
  9311 | D:10     | Reached **** piety under Kikubaaqudgha
  9622 | D:10     | Noticed a two-headed ogre
  9626 | D:10     | Killed a two-headed ogre
  9627 | D:10     | Reached XP level 11. HP: 60/60 MP: 14/14
  9739 | D:10     | Found a staircase to the Orcish Mines.
  9803 | D:10     | Found Tomeci's Mass Market.
  9969 | D:10     | Reached skill level 4 in Fighting
  9969 | D:10     | Reached skill level 8 in Hexes
 10019 | D:10     | Reached skill level 16 in Stealth
 10577 | D:11     | HP: 23/61 [manticore/volley of spikes (15)]
 10809 | D:11     | Reached skill level 7 in Necromancy
 10867 | Lair:1   | Entered Level 1 of the Lair of Beasts
 10919 | Lair:1   | Found the +4 robe of Augmentation {Str+4 Int+4 Dex+4}
 11071 | Lair:1   | HP: 21/62 [yak (11)]
 11577 | Lair:1   | Noticed a wolf spider
 11580 | Lair:1   | Reached skill level 8 in Armour
 11607 | Lair:1   | Reached skill level 9 in Hexes
 11639 | Lair:1   | Killed a wolf spider
 11667 | Lair:1   | HP: 28/62 [hell rat (7)]
 11668 | Lair:1   | HP: 11/62 [hell rat (8)]
 11668 | Lair:1   | HP: 2/62 [hell rat (9)]
 11995 | Lair:1   | Reached skill level 5 in Fighting
 12132 | Lair:1   | Found a broken altar of Ashenzari.
 12858 | Lair:2   | Reached ***** piety under Kikubaaqudgha
 12926 | Lair:2   | Noticed a bog body
 12942 | Lair:2   | HP: 22/64 [elephant (11)]
 12943 | Lair:2   | Slain by a komodo dragon

Illustrated notes

Levels and vault maps discovered:
D:1:      scummos_arrival_checkerplants, layout_basic,
          hellmonk_ecumenical_altar_arch_garden
D:2:      layout_loops_cross
D:3:      layout_loops_corners, nicolae_overflow_crystal_walls
D:4:      layout_loops_ring, nemelex_xobeh_ov_fountains_minmay,
          minmay_temple_entry_from_below_b, serial_shops, nicolae_diamond_shop,
          shop_statue, uniq_sigmund, uniq_edmund, uniq_ijyb
D:5:      layout_gridville, old_standard_altar, portal_sewer_entry_c,
          minmay_quadrilaterals
D:6:      minmay_flawed_box, layout_basic, mainiacjoe_overflow_chevrons,
          minmay_misc_feat_enclosed, minmay_hollow_rounded_squares,
          uniq_crazy_yiuf_cottage
D:7:      layout_basic, serial_shops, nicolae_shop_hallway_plus,
          nicolae_shop_hallway_plus, kennysheep_mini
D:8:      layout_gridville, nicolae_qazlal_eye_of_the_storm,
          due_lair_maze_entry_diamond, enter_ossuary_1, serial_shops,
          nicolae_shop_trees, hangedman_decor_diamond_cutter,
          chequers_big_river, uniq_prince_ribbit1, uniq_erica
D:9:      nicolae_cairo_tiling_large, layout_loops_cross,
          mainiacjoe_overflow_alcove_4
D:10:     layout_loops_corners, orc_0_dummy, minmay_fountain_box,
          minmay_shop_mass, minivault_5, kennysheep_decorative_pillar,
          hangedman_glass_teeth
D:11:     layout_cross
Temple:   kb_temple_of_zot
Lair:1:   minmay_lair_venomous_thicket, layout_hall_layers, basic_altar,
          patterned_corridor, serial_bayou_shore_b, infiniplex_staircase_pool,
          grunt_megastairs_1
Lair:2:   layout_cave_pods, skrybe_swamp_entry_bodies, dummy_spider_entry,
          grunt_megastairs_4

Skill      XL: |  1  2  3  4  5  6  7  8  9 10 11 |
---------------+----------------------------------+-----
Conjurations   | 3 |  3.4
Short Blades   | 1 2 4 5 6 7 |  7.1
Stealth        | 4 5 7 9 11 12 14 15 16 | 16.8
Fighting       | 2 3 5 |  5.2
Armour         | 3 4 7 8 |  8.0
Hexes          | 5 7 9 |  9.6
Necromancy     | 4 6 7 |  7.9
Dodging        | |  2.9
Spellcasting   | |  2.4

Action                   |  1- 3 |  4- 6 |  7- 9 | 10-12 || total
-------------------------+-------+-------+-------+-------++-------
Melee: Dagger            |    55 |    49 |   266 |   272 ||   642
       Bite              |     1 |     2 |    26 |    36 ||    65
       Punch             |     1 |       |     2 |     4 ||     7
 Cast: Magic Dart        |    33 |       |     3 |       ||    36
       Dazzling Flash    |       |       |       |    11 ||    11
       Vampiric Draining |       |       |       |    10 ||    10
 Abil: End Transformatio |       |       |     1 |     1 ||     2
       Bat Form          |       |       |     1 |     1 ||     2
       Exsanguinate      |       |       |     1 |       ||     1
  Use: Scroll            |       |       |     5 |     4 ||     9
       Potion            |       |       |       |     1 ||     1
 Stab: Sleeping          |     9 |     7 |    39 |    26 ||    81
       Distracted        |       |       |     2 |     1 ||     3
       Invisible         |       |       |       |     5 ||     5
Armor: Ring mail         |     9 |     8 |    51 |       ||    68
       Robe              |     7 |     4 |       |    31 ||    42
       Acid dragon scale |       |       |    15 |    29 ||    44
Dodge: Dodged            |    36 |    15 |    91 |   165 ||   307
